 Dungeon Crawl Stone Soup version 0.22-a0-283-g1871b15 (webtiles) character file.

54705 vishdafish the Quickloader (level 15, -1/115 HPs)
             Began as a Formicid Fighter on Mar 18, 2018.
             Was the Champion of the Shining One.
             Slain by Snorg (11 damage)
             ... on level 4 of the Lair of Beasts.
             The game lasted 00:45:22 (23259 turns).

vishdafish the Quickloader (Formicid Fighter)      Turns: 23259, Time: 00:45:23

Health: -1/115     AC: 14    Str: 26    XL:     15   Next: 15%
Magic:  19/21      EV: 15    Int: 14    God:    the Shining One [******]
Gold:   1609       SH: 23    Dex: 12    Spells: 21/23 levels left

rFire    . . .     SeeInvis +   M - +2 battleaxe (elec)
rCold    + + .     Gourm    .   c - +0 shield
rNeg     + + +     Faith    .   I - +3 ring mail {rC+}
rPois    .         Spirit   .   (helmet unavailable)
rElec    .         Reflect  +   K - +0 cloak
rCorr    .         Harm     .   (no gloves)
MR       +....                  (no boots)
Stlth    +.........             k - +4 amulet of reflection
HPRegen  0.29/turn              b - ring of protection from cold
MPRegen  0.17/turn              Q - +5 ring of strength

@: divine shield, glowing
A: permanent stasis, dig shafts and tunnels, four strong arms, antennae 3, slimy
green scales 1, agile 1
a: Dig, Shaft Self, Divine Shield, Cleansing Flame, Summon Divine Warrior, Brand
Weapon With Holy Wrath, Renounce Religion


You were on level 4 of the Lair of Beasts.
You worshipped the Shining One.
The Shining One was exalted by your worship.
You were near starving.

You visited 4 branches of the dungeon, and saw 19 of its levels.
You also visited: Ice Cave.

You collected 2030 gold pieces.
You spent 421 gold pieces at shops.

Inventory:

Hand Weapons
 L - a +0 hand crossbow
 M - a +2 battleaxe of electrocution (weapon)
 N - a +0 arbalest
Missiles
 q - 73 bolts
 u - 6 silver javelins (quivered)
Armour
 c - a +0 shield (worn)
 z - the +1 plate armour of Autumn {+Inv Str+7 SInv Stlth-}
   (You found it on level 3 of the Lair of Beasts)

   It affects your strength (+7).
   It lets you see invisible.
   It lets you turn invisible.
   It makes you less stealthy.
 I - a +3 ring mail of cold resistance (worn)
 K - a +0 cloak (worn)
Jewellery
 b - a ring of protection from cold (left hand)
 k - a +4 amulet of reflection (around neck)
 x - the ring "Plog" {Str+3 Stlth+}
   (You found it on level 5 of the Dungeon)

   [ring of stealth]

   It affects your strength (+3).
   It makes you more stealthy.
 D - an uncursed ring of resist corrosion
 Q - a +5 ring of strength (right hand)
Wands
 o - a wand of disintegration (6)
 y - a wand of flame (23)
 G - a wand of polymorph (17)
 J - a wand of iceblast (9)
 O - a wand of enslavement (31)
Scrolls
 a - a scroll of random uselessness {unknown}
 d - 2 scrolls of brand weapon
 g - 3 scrolls of magic mapping
 h - 11 scrolls of enchant weapon
 i - 5 scrolls of amnesia
 j - a scroll of noise {unknown}
 l - 3 scrolls of teleportation
 p - a scroll of vulnerability {unknown}
 r - 5 scrolls of remove curse
 w - 2 scrolls of blinking
 C - 4 scrolls of fog
 E - 2 scrolls of holy word
Potions
 e - 3 potions of cancellation
 m - a potion of might
 n - a potion of mutation
 s - 5 potions of haste
 t - a potion of brilliance
 v - 6 potions of curing
 A - a potion of agility
 B - a potion of magic
 H - a potion of lignification
Comestibles
 f - 24 rations


   Skills:
 - Level 10.0 Fighting
 - Level 12.0 Axes
 - Level 13.3 Crossbows
 * Level 11.2 Armour
 - Level 7.6 Dodging
 - Level 10.7 Shields
 + Level 4.5 Spellcasting


You had 21 spell levels left.
You knew the following spells:

 Your Spells              Type           Power        Failure   Level  Hunger
a - Passwall              Tmut/Erth      #.........   36%         2    ##.....


Dungeon Overview and Level Annotations

Branches:
Dungeon (12/15)            Temple (1/1) D:5            Lair (4/6) D:8
  Swamp (0/4) Lair:4        Snake (0/4) Lair:4          Orc (2/2) D:9
    Elf (0/3) Orc:2

Altars:
Cheibriados
Dithmenos
Fedhas
Hepliaklqana
Kikubaaqudgha
Makhleb
Nemelex Xobeh
Okawaru
Qazlal
Sif Muna
Trog
Uskayaw
Vehumet
Xom
Yredelemnul
Zin
The Shining One

Shops:
D:5 !   D:9 [(   D:11 *   Orc:1 *   Orc:2 :}}}

Annotations:
Lair:4 Snorg


Innate Abilities, Weirdness & Mutations

You cannot be hasted, slowed, berserked, paralysed or teleported.
You can dig through walls and to a lower floor.
Your four strong arms can wield two-handed weapons with a shield.
You have a pair of large antennae on your head. (SInv)
You are partially covered in slimy green scales. (AC +2)
You are agile. (Dex +2)


Message History

Aim: Snorg (heavily wounded, berserk, fast, unusually strong, haloed)
You throw a throwing net.
The throwing net completely misses Snorg.
You block Snorg's attack. x2; Snorg completely misses you.
Throwing (i - inventory. (/) - cycle)
F - a throwing net (quivered)
Press: ? - help, Shift-Dir - straight line, f/p - Snorg
Aim: Snorg (heavily wounded, berserk, fast, unusually strong, haloed)
You throw a throwing net. The throwing net hits Snorg.
Snorg is caught in the net!
Snorg is heavily wounded.
Snorg struggles against the net. x2
You slash Snorg!
Snorg is severely wounded.
Snorg struggles against the net.
You slash Snorg!
Snorg is severely wounded.
Snorg struggles against the net.
The net rips apart, and Snorg comes free!
Snorg bites you!
You die...

,,,+,,,,,,,,,*,*****,,,,,,,,,,**
,,,,*,,,,*,,,,,**,**...(,,,,,,**
,,,********#,,,,,,,+....,,,,,,,*
,,,* #.**,***.....,,,,,,,** ,,,*
*#.#****#.....,,,,,<,,* ,,,**
#...#**#......,,,,,,,** ,,,,*
##..#.##.......,,,,,,,* ,,,**
#..##.≈.T#.....,,,,,,** #.,*
*#.#≈#.@...#*,*,*,**** .###
##.≈#≈÷.#..#******* ...#
#≈.#≈.÷.#≈.#* ...# #≈≈.....#≈,.#
...# ##..(....#≈,*# ..<##
#....#####≈.** ....##
###....≈≈≈≈≈#,*
....P###..........#***
...+.....'.......#.#


You could see Snorg (berserk).

Vanquished Creatures
  Gastronok (Lair:1)
  Josephine (D:10)
  4 ogre magi (Orc:2)
  The ghost of Fingolfin the Archer, a journeyman CeHu of Okawaru (D:8)
  Harold (D:10)
  Erica (Orc:1)
  3 hydras
  14 two-headed ogres
  Urug (D:10)
  Nergalle (Orc:1)
  2 unseen horrors (D:11)
  An orc knight (Orc:2)
  2 orc sorcerers
  A manticore (D:11)
  2 ugly things (D:11)
  4 oklob plants (Lair:3)
  Maurice (D:11)
  2 black mambas (Lair:3)
  Joseph (Lair:1)
  3 ice statues
  A kobold demonologist (D:12)
  3 spiny frogs
  3 rime drakes
  4 komodo dragons
  10 ice devils (IceCv)
  5 trolls
  A polar bear (Lair:3)
  Grinder (D:6)
  3 blink frogs (Lair:1)
  5 dream sheep (Lair:4)
  7 hippogriffs
  5 wyverns
  5 wraiths (D:10)
  14 yaks
  A basilisk (Lair:1)
  A human (D:7)
  4 hogs (D:7)
  4 wargs
  5 hungry ghosts
  4 nagas (Lair:4)
  11 water moccasins
  An acid dragon (D:11)
  3 porcupines
  5 ice beasts
  3 sky beasts
  A hornet zombie (D:9)
  A phantom (D:11)
  2 eyes of draining
  27 ogres
  16 orc warriors
  7 crocodiles
  11 wolves
  6 centaurs
  A big kobold (D:12)
  Blork the orc (D:5)
  8 bullfrogs
  4 scorpions
  8 wights
  8 howler monkeys
  2 centaur zombies (D:5)
  4 crimson imps
  3 jellies
  2 quasits
  2 centaur skeletons
  20 orc priests
  14 hounds
  31 orc wizards
  A bullfrog skeleton (D:8)
  An iguana (D:7)
  7 worker ants
  A killer bee zombie (D:10)
  The ghost of 4thArraOfDagon the Slasher, a weakling FoWr of Fedhas (D:7)
  2 hound zombies
  3 worker ant zombies
  Robin (D:2)
  6 gnolls
  11 adders
  5 shadow imps
  8 white imps (IceCv)
  5 ufetubi (IceCv)
  An adder zombie (D:5)
  5 adder skeletons
  2 worms
  3 dart slugs
  2 leopard geckos
  90 orcs
  8 giant cockroaches
  2 gnoll zombies (D:5)
  18 goblins
  9 hobgoblins
  10 jackals
  3 quokkas
  A ball python (D:4)
  9 bats
  5 frilled lizards
  A jackal zombie (D:9)
  7 kobolds
  2 leopard gecko zombies
  A quokka skeleton (D:4)
  6 rats
  3 fungi
  3 plants
578 creatures vanquished.

Vanquished Creatures (others)
  A reaper (IceCv)
  A cyclops (D:11)
  A centaur (D:12)
  6 white imps (IceCv)
  A bush (Lair:4)
  5 fungi (Lair:4)
  A plant (Lair:3)
16 creatures vanquished.

Grand Total: 594 creatures vanquished

Notes
Turn   | Place    | Note
-------+----------+-------------------------------------------
     0 | D:1      | vishdafish the Formicid Fighter began the quest for the Orb.
     0 | D:1      | Reached XP level 1. HP: 18/18 MP: 1/1
   141 | D:1      | Reached XP level 2. HP: 24/24 MP: 2/2
   515 | D:1      | Reached XP level 3. HP: 29/29 MP: 3/3
  1118 | D:2      | Reached skill level 1 in Dodging
  1118 | D:2      | Reached XP level 4. HP: 17/37 MP: 4/4
  1525 | D:2      | Noticed Robin
  1547 | D:2      | Killed Robin
  1547 | D:2      | Reached XP level 5. HP: 24/42 MP: 5/5
  1970 | D:3      | Found a shimmering altar of Xom.
  2151 | D:3      | Reached XP level 6. HP: 9/48 MP: 6/6
  3434 | D:4      | Reached XP level 7. HP: 53/55 MP: 7/7
  3653 | D:4      | Reached skill level 5 in Shields
  3688 | D:4      | Noticed a hippogriff
  3701 | D:4      | Killed a hippogriff
  3701 | D:4      | Reached skill level 5 in Axes
  4454 | D:5      | Entered Level 5 of the Dungeon
  4471 | D:5      | Reached XP level 8. HP: 37/61 MP: 8/8
  4603 | D:5      | Reached skill level 5 in Fighting
  4603 | D:5      | Reached skill level 5 in Armour
  4715 | D:5      | Noticed Blork the orc
  4726 | D:5      | Killed Blork the orc
  4841 | D:5      | Found a staircase to the Ecumenical Temple.
  4871 | Temple   | Entered the Ecumenical Temple
  4893 | Temple   | Became a worshipper of the Shining One
  4960 | D:5      | Found a blossoming altar of Fedhas.
  5048 | D:5      | Found a basalt altar of Yredelemnul.
  5425 | D:5      | Found Ykeun's Distillery.
  5430 | D:5      | Bought a potion of curing for 42 gold pieces
  5430 | D:5      | Bought a potion of heal wounds for 70 gold pieces
  5666 | D:5      | Got a glittering brass ring
  5686 | D:5      | Identified the ring "Plog" {Str+3 Stlth+} (You found it on level 5 of the Dungeon)
  5751 | D:6      | Reached * piety under the Shining One
  5771 | D:6      | Reached XP level 9. HP: 59/69 MP: 9/9
  5777 | D:6      | Noticed Grinder
  5784 | D:6      | Killed Grinder
  6000 | D:6      | Noticed a two-headed ogre
  6040 | D:5      | Killed a two-headed ogre
  6623 | D:6      | Reached XP level 10. HP: 77/77 MP: 10/10
  7366 | D:7      | Reached skill level 5 in Dodging
  7631 | D:7      | Found a radiant altar of Vehumet.
  7631 | D:7      | Found an iron altar of Okawaru.
  7632 | D:7      | Found a bloodstained altar of Trog.
  7651 | D:7      | Noticed 4thArraOfDagon's ghost (weakling FoWr)
  7660 | D:7      | Killed 4thArraOfDagon's ghost
  7800 | D:7      | Reached ** piety under the Shining One
  7874 | D:7      | Gained mutation: You are agile. (Dex +2) [potion of mutation]
  7874 | D:7      | Gained mutation: You are frail. (-10% HP) [potion of mutation]
  7874 | D:7      | Lost mutation: You are frail. (-10% HP) [potion of mutation]
  7874 | D:7      | Gained mutation: You are partially covered in slimy green scales. (AC +2) [potion of mutation]
  7975 | D:7      | Found an ancient bone altar of Kikubaaqudgha.
  7976 | D:7      | Found a snail-covered altar of Cheibriados.
  8408 | D:8      | Noticed a two-headed ogre
  8415 | D:8      | Killed a two-headed ogre
  8415 | D:8      | Reached XP level 11. HP: 65/85 MP: 11/11
  8480 | D:8      | Found a staircase to the Lair.
  8985 | D:8      | Noticed Fingolfin's ghost (journeyman CeHu)
  9040 | D:8      | Killed Fingolfin's ghost
  9127 | D:9      | Reached skill level 10 in Axes
  9133 | D:9      | Reached *** piety under the Shining One
  9418 | D:9      | Found Ilemmuk's Armour Shoppe.
  9457 | D:9      | Found a staircase to the Orcish Mines.
  9459 | D:9      | Found Icisoweu's Weapon Shoppe.
  9538 | D:9      | Noticed a two-headed ogre
  9547 | D:9      | Killed a two-headed ogre
 10526 | D:10     | Entered Level 10 of the Dungeon
 10566 | D:10     | Reached **** piety under the Shining One
 10641 | D:10     | Noticed Harold
 10642 | D:10     | Noticed Josephine
 10667 | D:10     | Killed Josephine
 10890 | D:10     | Killed Harold
 10890 | D:10     | Reached XP level 12. HP: 82/95 MP: 12/12
 11741 | D:10     | Noticed a two-headed ogre
 11747 | D:10     | Killed a two-headed ogre
 11747 | D:10     | Reached skill level 10 in Shields
 11925 | D:10     | Noticed Urug
 11938 | D:10     | Killed Urug
 12111 | D:11     | Noticed an unseen horror
 12124 | D:11     | Killed an unseen horror
 12317 | D:11     | Found Welaisul's Assorted Antiques.
 12353 | D:11     | Bought a scroll of identify for 66 gold pieces
 12353 | D:11     | Bought a scroll labeled ZYIV ZINWOU for 33 gold pieces
 12896 | D:11     | Noticed Maurice
 12899 | D:11     | Noticed an unseen horror
 12912 | D:11     | Killed Maurice
 12915 | D:11     | Killed an unseen horror
 13410 | D:12     | Noticed a seven-headed hydra
 13602 | Orc:1    | Entered Level 1 of the Orcish Mines
 13892 | Orc:1    | Reached ***** piety under the Shining One
 13992 | Orc:1    | Reached skill level 10 in Fighting
 13992 | Orc:1    | Reached XP level 13. HP: 58/103 MP: 13/13
 14246 | Orc:1    | Found a deep blue altar of Sif Muna.
 14333 | Orc:1    | Found Xiepasun's General Store.
 14338 | Orc:1    | Bought 2 scrolls of enchant weapon for 210 gold pieces
 14411 | Orc:2    | Entered Level 2 of the Orcish Mines
 14421 | Orc:1    | Reached skill level 1 in Crossbows
 14550 | Orc:2    | Reached skill level 2 in Crossbows
 14578 | Orc:2    | Reached skill level 3 in Crossbows
 14590 | Orc:1    | Reached skill level 4 in Crossbows
 14867 | Orc:2    | Reached skill level 5 in Crossbows
 15047 | Orc:1    | Reached skill level 6 in Crossbows
 15223 | Orc:2    | Noticed an ogre mage
 15231 | Orc:2    | Reached skill level 7 in Crossbows
 15235 | Orc:2    | Killed an ogre mage
 15347 | Orc:1    | Reached skill level 8 in Crossbows
 16105 | Orc:2    | Noticed an ogre mage
 16114 | Orc:2    | Killed an ogre mage
 16114 | Orc:2    | Reached skill level 9 in Crossbows
 16417 | Orc:2    | Noticed an ogre mage
 16422 | Orc:2    | Killed an ogre mage
 16523 | Orc:2    | Reached skill level 10 in Crossbows
 16660 | Orc:2    | Reached XP level 14. HP: 67/110 MP: 14/14
 16864 | Orc:2    | Found Najos's Gadget Shop.
 16864 | Orc:2    | Found Tijexown's Gadget Emporium.
 16865 | Orc:2    | Found Ostruoch's Gadget Emporium.
 16865 | Orc:2    | Found Cosmel Hep's Book Boutique.
 17019 | Orc:2    | Found a staircase to the Elven Halls.
 17345 | Orc:1    | Noticed Nergalle
 17345 | Orc:1    | Noticed Erica
 17352 | Orc:1    | Killed Nergalle
 17356 | Orc:1    | Reached skill level 11 in Crossbows
 17364 | Orc:1    | Killed Erica
 17699 | Lair:1   | Entered Level 1 of the Lair of Beasts
 17820 | Lair:1   | Noticed Gastronok
 17841 | Lair:1   | Killed Gastronok
 18180 | Lair:1   | Noticed Joseph
 18187 | Lair:1   | Killed Joseph
 18203 | Lair:1   | Reached skill level 12 in Crossbows
 19062 | Lair:2   | Learned a level 2 spell: Passwall
 19822 | Lair:3   | Reached skill level 1 in Spellcasting
 20276 | Lair:3   | Reached skill level 13 in Crossbows
 21031 | Lair:3   | Got a warped plate armour
 21042 | Lair:3   | Identified the cursed +1 plate armour of Autumn {+Inv Str+7 SInv Stlth-} (You found it on level 3 of the Lair of Beasts)
 21688 | Lair:3   | Got a faintly glowing plate armour
 21700 | Lair:3   | Identified the +6 plate armour of the Apprentice {rElec rCorr Slay-2} (You found it on level 3 of the Lair of Beasts)
 21957 | Lair:4   | Found a staircase to the Snake Pit.
 21960 | Lair:4   | Reached skill level 10 in Armour
 22272 | Lair:4   | Found a frozen archway.
 22277 | Lair:4   | Reached XP level 15. HP: 67/115 MP: 20/20
 22296 | IceCv    | Entered an ice cave
 22476 | IceCv    | Reached ****** piety under the Shining One
 22585 | IceCv    | Killed a reaper
 23244 | Lair:4   | Noticed Snorg
 23259 | Lair:4   | Slain by Snorg

Vault maps used:
D:1:      lordsloth_arrival_two_stooges
D:2:      first_ration, uniq_robin
D:3:      xom_teletrap_fun, st_stairs_11
D:4:      kennysheep_small_square
D:5:      lemuel_zombie_altar_yredelemnul, minmay_temple_entry_glassed_door,
          serial_shops, kennysheep_little_box, fedhas_altar_1,
          uniq_blork_the_orc
D:6:      minmay_strange_pillars, uniq_grinder
D:7:      nicolae_overflow_hidden_temple, grunt_livestock
D:8:      wad_arrow_thing, lair_entry_dummy
D:9:      orc_david_3, hangedman_abyss_or_decor_stabs,
          kennysheep_generic_room_16
D:10:     lemuel_ice_statue, kennysheep_generic_room_13, uniq_harold,
          uniq_josephine, uniq_urug
D:11:     serial_shops, kennysheep_mini, uniq_maurice
D:12:     minmay_st_funbox, einodemon_barbed_minivault
Temple:   eino_wide_crystal_templ
Lair:1:   uniq_gastronok, uniq_joseph
Lair:2:   infiniplex_staircase_pool_2
Lair:3:   grunt_megastairs_2, minmay_lair_oklob_chamber
Lair:4:   minmay_swamp_entry_worms, minmay_snake_entry_guardpost_small,
          portal_ice_cave_rime, uniq_rupert, uniq_snorg
Orc:1:    serial_shops, shop, led_sif_book, uniq_nergalle, uniq_erica
Orc:2:    st_orc_ogre_mass
IceCv:    ice_cave_small_demon

Skill      XL: |  1  2  3  4  5  6  7  8  9 10 11 12 13 14 15 |
---------------+----------------------------------------------+-----
Dodging        | 1 2 3 4 5 6 7 |  7.6
Shields        | 4 5 6 7 8 9 10 | 10.7
Axes           | 3 4 5 6 7 9 10 12 | 12.0
Fighting       | 4 5 6 7 9 10 | 10.0
Armour         | 4 5 6 7 8 9 10 11 | 11.2
Crossbows      | 10 13 | 13.3
Spellcasting   | 3 4 |  4.5

Action                   |  1- 3 |  4- 6 |  7- 9 | 10-12 | 13-15 || total
-------------------------+-------+-------+-------+-------+-------++-------
Melee: War axe           |   108 |   209 |   281 |   733 |     7 ||  1338
       Battleaxe         |       |       |       |       |   489 ||   489
 Fire: Arbalest          |       |       |       |       |    88 ||    88
       Hand crossbow     |       |       |       |       |    20 ||    20
Throw: Throwing net      |       |       |     1 |     2 |     3 ||     6
       Javelin           |       |       |       |       |     2 ||     2
Invok: Divine Shield     |       |       |       |     1 |     1 ||     2
 Abil: Dig               |       |     2 |     1 |     7 |     7 ||    17
Evoke: Wand              |       |       |     5 |    42 |     6 ||    53
  Use: Potion            |       |     1 |     2 |     3 |     3 ||     9
       Scroll            |       |       |     6 |     7 |     6 ||    19
  Eat: Chunk             |       |     7 |    13 |    14 |    14 ||    48
       Ration            |       |       |       |     5 |     4 ||     9
Armor: Scale mail        |    51 |    40 |       |       |       ||    91
       Leather armour    |       |    20 |    41 |       |       ||    61
       Ring mail         |       |       |     5 |    83 |    88 ||   176
       Skin              |       |       |     5 |     4 |       ||     9
       Plate armour      |       |       |       |       |    35 ||    35
Dodge: Dodged            |    48 |    59 |    90 |   218 |   225 ||   640
Block: Shield            |    64 |   129 |   183 |   512 |   436 ||  1324
       Reflection        |       |     5 |       |    23 |     9 ||    37

Table legend:
 A = Spawn XP
 B = Non-spawn XP
 C = Spawn XP percentage of total XP
 D = Spawn monster count
 E = Non-spawn monster count
 F = Spawn count percentage of total count
 G = Total turns spent on level
                    A         B        C        D         E        F      G
               +---------+---------+-------+---------+---------+-------+---------
         Total |       0 |   78150 |   0.0 |       0 |     574 |   0.0 | 23259
               +---------+---------+-------+---------+---------+-------+---------
           D:1 |       0 |      34 |   0.0 |       0 |      21 |   0.0 |   850
           D:2 |       0 |     129 |   0.0 |       0 |      30 |   0.0 |  1062
           D:3 |       0 |     355 |   0.0 |       0 |      48 |   0.0 |  1518
           D:4 |       0 |     467 |   0.0 |       0 |      19 |   0.0 |  1024
           D:5 |       0 |    1823 |   0.0 |       0 |      26 |   0.0 |  1459
           D:6 |       0 |    1491 |   0.0 |       0 |      30 |   0.0 |  1050
           D:7 |       0 |    2473 |   0.0 |       0 |      33 |   0.0 |  1051
           D:8 |       0 |    3166 |   0.0 |       0 |      24 |   0.0 |  1058
           D:9 |       0 |    3899 |   0.0 |       0 |      51 |   0.0 |  1785
          D:10 |       0 |    6025 |   0.0 |       0 |      26 |   0.0 |  1580
          D:11 |       0 |    5476 |   0.0 |       0 |      28 |   0.0 |  1286
          D:12 |       0 |     900 |   0.0 |       0 |       8 |   0.0 |   176
        Lair:1 |       0 |    5809 |   0.0 |       0 |      19 |   0.0 |  1216
        Lair:2 |       0 |    3573 |   0.0 |       0 |      14 |   0.0 |  1102
        Lair:3 |       0 |    7483 |   0.0 |       0 |      30 |   0.0 |  1876
        Lair:4 |       0 |    7544 |   0.0 |       0 |      29 |   0.0 |   419
         Orc:1 |       0 |    4750 |   0.0 |       0 |      30 |   0.0 |  2356
         Orc:2 |       0 |   18414 |   0.0 |       0 |      83 |   0.0 |  1404
         IceCv |       0 |    4339 |   0.0 |       0 |      25 |   0.0 |   947
               +---------+---------+-------+---------+---------+-------+---------
